 Dungeon Crawl Stone Soup version 0.31.0-9-g3a7656b989 (webtiles) character file.

Game seed: 60618825691825291

469 qw the Shooter (level 6, -6/30 HPs)
             Began as a Spriggan Hunter on Feb 2, 2024.
             Mangled by a gnoll
             ... wielding a +0 spear
             ... led by a gnoll bouda
              (10 damage)
             ... on level 5 of the Dungeon.
             The game lasted 00:00:15 (3043 turns).

qw the Shooter (Spriggan Hunter)                    Turns: 3043, Time: 00:00:15

Health: -6/30      AC:  2    Str: 13    XL:     6   Next: 82%
Magic:  7/7        EV: 27    Int: 10    God:
Gold:   125        SH:  0    Dex: 21    Spells: 5/5 levels left

rFire   . . .        i - +1 arbalest (flame)
rCold   . . .        (shield currently unavailable)
rNeg    . . .        c - +0 robe
rPois   .            (helmet restricted)
rElec   .            (no cloak)
rCorr   .            (gloves unavailable)
SInv    +            (boots unavailable)
Will    +....        (no amulet)
Stlth   ++           b - +5 ring of evasion
HPRegen 0.25/turn    o - +6 ring of strength
MPRegen 0.10/turn

%: no passive effects
@: about to teleport, very quick
A: very small, no large weapons, unfitting armour, see invisible, speed 3
a: no special abilities


You were on level 5 of the Dungeon.
You visited 2 branches of the dungeon, and saw 6 of its levels.

You collected 174 gold pieces.
You spent 49 gold pieces at shops.


Innate Abilities, Weirdness & Mutations

You are very small and have problems with some larger weapons.
You are too small for most types of armour.
You have supernaturally acute eyesight. (SInv)
You cover ground extremely quickly. (Speed+++)


   Skills:
 - Level 2.2 Fighting
 + Level 6.7 Ranged Weapons
 - Level 6.2 Dodging
 - Level 1.5 Stealth


You had 5 spell levels left.
You didn't know any spells.
Your spell library was empty.

Inventory:

Hand Weapons
 i - a +1 arbalest of flaming (weapon)
Armour
 c - a +0 robe (worn)
Jewellery
 b - a +5 ring of evasion (left hand)
 o - a +6 ring of strength (right hand)
 q - a ring of ice
Scrolls
 a - a scroll of identify
 d - 2 scrolls of teleportation
 g - a scroll of enchant armour
Potions
 e - a potion of enlightenment
 f - a potion of might
 h - a potion of curing
 j - 2 potions of heal wounds
 k - a potion of haste {unknown}
 l - a potion of resistance

Dungeon Overview and Level Annotations

Branches:
Dungeon (5/15)             Temple (1/1) D:4

Altars:
Ashenzari
Cheibriados
Fedhas
Hepliaklqana
Kikubaaqudgha
Ru
Sif Muna
Trog
Uskayaw
Xom
Yredelemnul
Zin

Shops:
D:4 *


Message History

The gnoll closely misses you.
3028 ||| RETREEEEATING.
You hear the slow rusting of a very distant drain.
The gnoll misses you.
A gnoll comes into view. It is wielding a +0 flail.
3030 ||| RETREEEEATING.
You shoot a bolt. The bolt hits the gnoll!!
The bolt burns the gnoll.
You kill the gnoll!
You shoot a bolt. The bolt completely misses the gnoll.
The gnoll hits you from afar with a +0 spear.
The gnoll barely misses you.
You shoot a bolt. The bolt barely misses the gnoll.
The gnoll misses you.
You shoot a bolt. The bolt barely misses the gnoll.
The gnoll misses you. The gnoll closely misses you.
You shoot a bolt. The bolt closely misses the gnoll.
The gnoll completely misses you. The gnoll misses you.
You shoot a bolt. The bolt hits the gnoll.
The bolt burns the gnoll.
The gnoll is moderately wounded.
The gnoll barely misses you.
You shoot a bolt. The bolt closely misses the gnoll.
The gnoll completely misses you. The gnoll closely misses you.
You shoot a bolt. The bolt hits the gnoll!!
The bolt burns the gnoll.
You kill the gnoll!
You hear a shout!
You hear an angry hiss.
You shoot a bolt. The bolt completely misses the gnoll.
The gnoll hits you from afar with a +0 spear. x2
You shoot a bolt.
The bolt hits the gnoll but does no damage.
The gnoll barely misses you.
You shoot a bolt. The bolt barely misses the gnoll.
The gnoll hits you from afar with a +0 spear!
The gnoll hits you from afar with a +0 spear.
You shoot a bolt. The bolt completely misses the gnoll.
The gnoll hits you from afar with a +0 spear.
3043 ||| READING 3 scrolls of teleportation.
As you read the scroll of teleportation, it crumbles to dust.
You feel strangely unstable.
The gnoll hits you from afar with a +0 spear!
You die...

#.# #.# #.# #
###.## #....#
#.##.##
##.##..##
##..###..#####
#..## ##..@..#
#######.##
#####g#
........#### .#
#######....####
gg
...............
g.#
....#.#........
..#
#.(############
g.# #### Y.# #


You could see a gnoll.

Vanquished Creatures
  A phantom (D:5)
  A bombardier beetle (D:5)
  3 hounds
  A gnoll bouda (D:5)
  2 orc wizards (D:3)
  3 adders
  6 gnolls
  A shadow imp (D:3)
  6 dart slugs
  3 ribbon worms
  3 orcs
  10 ball pythons
  4 bats
  8 endoplasms
  A giant cockroach (D:1)
  9 goblins
  9 hobgoblins
  7 jackals
  8 kobolds
  3 quokkas
  4 frilled lizards
  7 rats
100 creatures vanquished.

Notes
Turn   | Place    | Note
-------+----------+-------------------------------------------
     0 | D:1      | qw the Spriggan Hunter began the quest for the Orb.
     0 | D:1      | Reached XP level 1. HP: 10/10 MP: 2/2
     0 | D:1      | 0 ||| qw: Version: 0.3-a-155-g5e7d8dd
     0 | D:1      | 0 ||| qw: Game counter: 2662
     0 | D:1      | 0 ||| qw: Melee chars always use a shield: true
     0 | D:1      | 0 ||| qw: God list: Okawaru
     0 | D:1      | 0 ||| qw: Allow faded altars: false
     0 | D:1      | 0 ||| qw: Do Orc after clearing Dungeon:15 true
     0 | D:1      | 0 ||| qw: Do second Lair branch before Depths: true
     0 | D:1      | 0 ||| qw: Lair rune preference: random
     0 | D:1      | 0 ||| qw: Goals: Normal
     0 | D:1      | 0 ||| PLANNING D:1-11
    23 | D:1      | Reached skill level 3 in Dodging
    88 | D:1      | Reached XP level 2. HP: 14/14 MP: 3/3
   391 | D:1      | Reached XP level 3. HP: 18/18 MP: 4/4
   650 | D:1      | 650 ||| READING scroll labelled MUNIZX GUSTRAO.
   650 | D:1      | 650 ||| IDENTIFYING bubbling dark potion
   651 | D:1      | 651 ||| READING scroll labelled ROAWUXZ ICZUSM.
   652 | D:1      | 652 ||| READING scroll labelled OSOCITUO WIWO.
   657 | D:1      | 657 ||| READING scroll labelled OREQYO KI DISO.
   657 | D:1      | 657 ||| ENCHANTING +0 shortbow.
   658 | D:1      | 658 ||| READING scroll labelled HEZEEM UZIWNO.
   658 | D:1      | 658 ||| ENCHANTING +1 shortbow.
   659 | D:1      | 659 ||| DRINKING 2 amethyst potions.
   660 | D:1      | 660 ||| DROPPING scroll of butterflies.
   661 | D:1      | 661 ||| DROPPING potion of attraction.
   710 | D:2      | You fall into a shaft and drop 2 floors!
   750 | D:4      | Found Caddieff's Assorted Antiques.
   758 | D:4      | 758 ||| SHOPLISTING arbalest (117 gold, have 56).
   758 | D:4      | 758 ||| SHOPLISTING bronze ring (130 gold, have 56).
   758 | D:4      | 758 ||| SHOPLISTING bronze wand (104 gold, have 56).
   758 | D:4      | 758 ||| SHOPLISTING jewelled ivory wand (104 gold, have
                  | 56).
   758 | D:4      | 758 ||| BUYING scroll labelled TUFAGH PIAWA (26 gold).
   758 | D:4      | Bought a scroll labelled TUFAGH PIAWA for 26 gold pieces
   758 | D:4      | 758 ||| BUYING white potion (23 gold).
   758 | D:4      | Bought a white potion for 23 gold pieces
   780 | D:4      | Found a staircase to the Ecumenical Temple.
   781 | D:4      | 781 ||| PLANNING TEMPLE
   781 | D:4      | 781 ||| UPGRADING to +5 ring of evasion.
   782 | D:4      | 782 ||| READING scroll labelled TUFAGH PIAWA.
   789 | Temple   | Entered the Ecumenical Temple
   790 | Temple   | 790 ||| PLANNING D:1-11
   805 | D:4      | 805 ||| FLEEEEING.
   842 | D:3      | 842 ||| READING scroll of enchant weapon.
   842 | D:3      | 842 ||| ENCHANTING +1 shortbow.
  1071 | D:2      | Found a faded altar of an unknown god.
  1075 | D:2      | Reached XP level 4. HP: 22/22 MP: 5/5
  1590 | D:2      | 1590 ||| READING 2 scrolls of identify.
  1590 | D:2      | 1590 ||| IDENTIFYING white potion
  1591 | D:2      | 1591 ||| READING scroll of identify.
  1591 | D:2      | 1591 ||| IDENTIFYING fizzy purple potion
  1592 | D:2      | 1592 ||| DRINKING 2 smoky puce potions.
  1593 | D:2      | 1593 ||| DRINKING 2 lumpy blue potions.
  1955 | D:3      | Found a shimmering blue altar of Sif Muna.
  1965 | D:3      | Reached XP level 5. HP: 26/26 MP: 6/6
  2044 | D:3      | 2044 ||| UPGRADING to +6 ring of strength.
  2045 | D:3      | 2045 ||| READING scroll labelled ALOMEM LODGHUE.
  2046 | D:3      | 2046 ||| READING scroll labelled ISOGHO YMU LYKI.
  2147 | D:3      | 2147 ||| READING scroll labelled QIAGIONYOCK.
  2148 | D:3      | 2148 ||| READING scroll labelled ZOXZUE YTSEITAPIU.
  2148 | D:3      | Identified a scroll of acquirement
  2148 | D:3      | 2148 ||| ACQUIRING +1 arbalest of flaming
  2148 | D:3      | Acquired a +1 arbalest of flaming
  2150 | D:3      | 2150 ||| SWAPPING to +1 arbalest of flaming.
  2151 | D:3      | 2151 ||| DROPPING +2 shortbow.
  2400 | D:4      | Reached skill level 6 in Ranged Weapons
  2417 | D:4      | Reached XP level 6. HP: 30/30 MP: 7/7
  2728 | D:4      | 2728 ||| READING scroll labelled BOCHYA XOUBLO.
  2730 | D:4      | 2730 ||| Stepping ~*~*~tactically~*~*~ (cloud).
  2737 | D:4      | HP: 7/30 [poisoned by you (poison gas)]
  2894 | D:5      | Entered Level 5 of the Dungeon
  2895 | D:5      | 2895 ||| PLANNING SEWER
  2899 | D:5      | Reached skill level 6 in Dodging
  3025 | D:5      | Noticed an ice beast
  3026 | D:5      | 3026 ||| RETREEEEATING.
  3028 | D:5      | 3028 ||| RETREEEEATING.
  3030 | D:5      | 3030 ||| RETREEEEATING.
  3042 | D:5      | HP: 4/30 [gnoll/+0 spear[a gnoll bouda] (4)]
  3043 | D:5      | 3043 ||| READING 3 scrolls of teleportation.
  3043 | D:5      | Mangled by a gnoll

Levels and vault maps discovered:
D:1:      roderic_dead_forest, layout_loops_ring
D:2:      layout_basic, chequers_ecumenical_altar_island
D:3:      layout_basic, led_sif_book
D:4:      layout_loops_cross, minmay_temple_entry_mist, serial_shops, shop
D:5:      layout_rooms, gup_sewer_entry_spiral, nicolae_half_adder
Temple:   hellmonk_temple_of_storms

Skill      XL: |  1  2  3  4  5  6 |
---------------+-------------------+-----
Dodging        | 3 4 5 6 |  6.2
Ranged Weapons | 5 6 |  6.7
Fighting       | 2 |  2.2
Stealth        | |  1.5

Action                     |  1- 3 |  4- 6 || total
---------------------------+-------+-------++-------
   Fire: Shortbow          |   132 |    62 ||   194
         Arbalest          |       |    57 ||    57
    Use: Scroll            |     7 |     8 ||    15
         Potion            |     1 |     2 ||     3
 Armour: Robe              |     7 |    12 ||    19
  Dodge: Dodged            |    29 |    43 ||    72

Table legend:
 A = Non-vault XP
 B = Vault XP
 C = Vault XP percentage of total XP
 D = Non-vault monster count
 E = Vault monster count
 F = Vault count percentage of total count
                 A         B        C        D         E       F
            +---------+---------+-------+---------+---------+-------
      Total |     602 |      69 |  10.3 |      97 |       3 |   3.0
            +---------+---------+-------+---------+---------+-------
        D:1 |      59 |       0 |   0.0 |      33 |       0 |   0.0
        D:2 |      33 |       0 |   0.0 |      19 |       0 |   0.0
        D:3 |      57 |      55 |  49.1 |      17 |       2 |  10.5
        D:4 |     188 |       0 |   0.0 |      21 |       0 |   0.0
        D:5 |     265 |      14 |   5.0 |       7 |       1 |  12.5
            +---------+---------+-------+---------+---------+-------
